 Dungeon Crawl Stone Soup version 0.27-a0-1431-gcffa5a9b16 (webtiles) character file.

Game seed: 17588497321348622207

853 wesbby the Skirmisher (level 8, -2/87 HPs)
             Began as an Ogre Berserker on July 2, 2021.
             Was a Priest of Trog.
             Slain by a black bear (11 damage)
             ... on level 6 of the Dungeon.
             The game lasted 00:08:58 (6488 turns).

wesbby the Skirmisher (Ogre Berserker)              Turns: 6488, Time: 00:08:58

Health: -2/87      AC:  3    Str: 27    XL:     8   Next: 1%
Magic:  0/0        EV: 10    Int:  8    God:    Trog [***...]
Gold:   200        SH:  5    Dex:  8    Spells: 7/7 levels left

rFire    . . .     SeeInvis +   a - +0 spear
rCold    + . .     Faith    .   (no shield)
rNeg     + . .     Spirit   .   b - +0 animal skin
rPois    .         Reflect  +   (helmet restricted)
rElec    .         Harm     .   j - scarf {shadows}
rCorr    .         Rampage  .   (gloves unavailable)
Will     ++...                  (boots unavailable)
Stlth    ++........             n - amulet of reflection
HPRegen  1.24/turn              c - ring "Ryuh" {rC+ rN+ MP-9 Str+3}
MPRegen  0.07/turn              m - ring of see invisible

@: strong-willed, on berserk cooldown, regenerating
A: large, unfitting armour, tough skin 1
a: Renounce Religion, Berserk, Trog's Hand


You were on level 6 of the Dungeon.
You worshipped Trog.
Trog was most pleased with you.
You visited 1 branch of the dungeon, and saw 6 of its levels.

You collected 200 gold pieces.

Inventory:

Hand Weapons
 a - a +0 spear (weapon)
Armour
 b - a +0 animal skin (worn)
 e - a +0 scale mail
 j - a scarf of shadows (worn)
Jewellery
 c - the ring "Ryuh" (left hand) {rC+ rN+ MP-9 Str+3}
   (You acquired it on level 1 of the Dungeon)

   [ring of protection from cold]

   Str:       It affects your strength (+3).
   rC:        It protects you from cold.
   rN:        It protects you from negative energy.
   MP:        It affects your magic capacity (-9).
 m - a ring of see invisible (right hand)
 n - an amulet of reflection (around neck)
Potions
 d - a potion of degeneration {unknown}
 f - 3 potions of curing {unknown}
 g - 2 potions of heal wounds {unknown}
 h - a potion of might
 i - a potion of invisibility {unknown}
 k - a potion of berserk rage {unknown}
 l - 3 potions of flight


   Skills:
 * Level 7.2 Fighting
 * Level 6.6 Polearms
 + Level 4.0 Dodging
 * Level 2.2 Stealth


You had 7 spell levels left.
You didn't know any spells.
Your spell library was empty.

Dungeon Overview and Level Annotations

Branches:
Dungeon (6/15)             Temple (0/1) D:5

Altars:
Gozag
Ru
Wu Jian
Yredelemnul
The Shining One


Innate Abilities, Weirdness & Mutations

You are too large for most types of armour.
You have tough skin. (AC +1)


Message History

Your skin crawls.
You feel strong-willed. The black bear bites you.
* * * LOW HITPOINT WARNING * * *
The black bear closely misses you. The black bear claws you.
* * * LOW HITPOINT WARNING * * *
The black bear bites you.
* * * LOW HITPOINT WARNING * * *
The black bear closely misses you. x2
You puncture the black bear!
The black bear is almost dead.
The black bear closely misses you. The black bear claws you.
* * * LOW HITPOINT WARNING * * *
The black bear claws you.
* * * LOW HITPOINT WARNING * * *
You hit the black bear.
The black bear is almost dead.
The black bear bites you but does no damage.
The black bear claws you.
* * * LOW HITPOINT WARNING * * *
The black bear claws you.
* * * LOW HITPOINT WARNING * * *
You hit the black bear but do no damage.
The black bear is almost dead.
The black bear bites you but does no damage.
The black bear claws you.
* * * LOW HITPOINT WARNING * * *
The black bear claws you.
* * * LOW HITPOINT WARNING * * *
You closely miss the black bear.
The black bear is almost dead.
The black bear barely misses you. x3
You hit the black bear but do no damage.
The black bear is almost dead.
You feel yourself speed up.
The black bear goes berserk!
You hit the black bear.
The black bear is almost dead.
The black bear bites you!
You die...

# .# ########
..##
.......##....
##............
#.............
#......)......
#.............
#......@..(...
#......h......
#.....<.......
##..!........(
##.....##....
#....... ....
.......... ..[
####...##.. .
.!### #$.


You could see a black bear (berserk).

Vanquished Creatures
  Grinder (D:4)
  A phantom (D:5)
  A kobold brigand (D:5)
  A gnoll sergeant (D:5)
  2 scorpions (D:5)
  A bullfrog zombie (D:5)
  A hound (D:5)
  An iguana (D:5)
  A scorpion zombie (D:5)
  A hound skeleton (D:4)
  Robin (D:4)
  5 gnolls (D:5)
  4 adders
  A shadow imp (D:5)
  A white imp (D:5)
  A worm (D:2)
  2 dart slugs
  5 orcs
  6 ball pythons
  11 endoplasms
  5 giant cockroaches
  11 goblins
  7 hobgoblins
  8 jackals
  4 quokkas
  5 bats
  3 frilled lizards
  10 kobolds
  3 rats (D:1)
104 creatures vanquished.

Notes
Turn   | Place    | Note
-------+----------+-------------------------------------------
     0 | D:1      | wesbby the Ogre Berserker began the quest for the Orb.
     0 | D:1      | Reached XP level 1. HP: 24/24 MP: 1/1
   114 | D:1      | Reached XP level 2. HP: 14/32 MP: 2/2
   697 | D:1      | Reached XP level 3. HP: 40/40 MP: 3/3
  1313 | D:1      | Identified a scroll of acquirement
  1314 | D:1      | Acquired the ring "Ryuh" {rC+ rN+ MP-9 Str+3}
  1358 | D:2      | Found a faded altar of an unknown god.
  1718 | D:2      | Reached ** piety under Trog
  2333 | D:3      | Reached XP level 4. HP: 49/49 MP: 0/4
  2696 | D:3      | Found a glowing golden altar of the Shining One.
  2698 | D:3      | Noticed an angel
  2716 | D:3      | Found a basalt altar of Yredelemnul.
  3251 | D:4      | Noticed Robin
  3295 | D:4      | Killed Robin
  3296 | D:4      | Reached skill level 5 in Fighting
  3526 | D:4      | Found a sacrificial altar of Ru.
  3556 | D:4      | Noticed Grinder
  3573 | D:4      | Paralysed by Grinder for 3 turns
  3593 | D:4      | Killed Grinder
  3594 | D:4      | Reached skill level 5 in Polearms
  3594 | D:4      | Reached skill level 1 in Stealth
  3594 | D:4      | Reached XP level 5. HP: 25/59 MP: 0/5
  3594 | D:4      | Reached XP level 6. HP: 29/67 MP: 0/6
  3845 | D:4      | Found an ornate altar of the Wu Jian Council.
  3938 | D:5      | Entered Level 5 of the Dungeon
  3960 | D:5      | Found a staircase to the Ecumenical Temple.
  4062 | D:5      | Reached skill level 6 in Fighting
  4587 | D:5      | Found an opulent altar of Gozag.
  4636 | D:5      | Reached *** piety under Trog
  4663 | D:5      | Reached XP level 7. HP: 49/75 MP: 0/7
  5786 | D:5      | Reached skill level 7 in Fighting
  6465 | D:5      | Reached XP level 8. HP: 70/87 MP: 0/8
  6488 | D:6      | Slain by a black bear

Illustrated notes

Levels and vault maps discovered:
D:1:      wheals_arrival_linesprint, layout_basic
D:2:      layout_loops_ring, ebering_ecumenical_altar_petrified
D:3:      layout_rooms, grunt_temple_overflow_holy_war, serial_aquarium,
          aquarium_bridge_straight [aquarium_subvault_bridge,
          aquarium_subvault_wall, aquarium_subvault_bridge,
          aquarium_subvault_wall], aquarium_bridge_square
          [aquarium_subvault_wall, aquarium_subvault_wall,
          aquarium_subvault_bridge, aquarium_subvault_wall], aquarium_window_1,
          aquarium_window_2, aquarium_window_double, aquarium_view_2e,
          kennysheep_generic_room_6
D:4:      layout_basic, nzn_wu_jian_council_hall,
          nicolae_ru_sacrificial_ziggurat, uniq_robin, uniq_grinder
D:5:      minmay_evil_eye, layout_basic,
          nicolae_gozag_cash_rules_everything_around_me,
          minmay_temple_entry_grid, grunt_decor_mini_mirrors
D:6:      layout_rooms

Skill      XL: |  1  2  3  4  5  6  7 |
---------------+----------------------+-----
Dodging        | 3 4 |  4.0
Polearms       | 5 6 |  6.6
Fighting       | 5 6 7 |  7.2
Stealth        | 1 2 |  2.2

Action                   |  1- 3 |  4- 6 |  7- 9 || total
-------------------------+-------+-------+-------++-------
Melee: Spear             |   151 |   209 |   124 ||   484
Invok: Berserk           |     1 |     2 |     3 ||     6
       Trog's Hand       |       |     2 |     2 ||     4
  Use: Scroll            |     6 |     1 |       ||     7
 Stab: Sleeping          |     4 |     2 |     2 ||     8
Armor: Animal skin       |    39 |    42 |    21 ||   102
Dodge: Dodged            |    60 |    84 |    55 ||   199
Block: Other             |       |       |    15 ||    15
       Reflection        |       |       |     3 ||     3

Table legend: (Time is in decaauts)
 A = Elapsed time spent in this place.
 B = Non-inter-level travel time spent in this place.
 C = Inter-level travel time spent in this place.
 D = Time resting spent in this place.
 E = Time spent auto-exploring this place.
 F = Levels seen in this place.
 G = Mean time per level.
                   A        B        C        D        E       F      G
               +--------+--------+--------+--------+--------+-----+--------+
         Total |   6484 |   6317 |    167 |      0 |   5490 |   6 | 1080.7 |
       Dungeon |   6484 |   6317 |    167 |      0 |   5490 |   6 | 1080.7 |
               +--------+--------+--------+--------+--------+-----+--------+

Top non-repeatable levels by time:
     D:5: 2502 daAuts
     D:1: 1365 daAuts
     D:4: 1066 daAuts
     D:2: 772 daAuts
     D:3: 730 daAuts
     D:6: 46 daAuts
